groovejumper, chaotic female elven Wizard -------------- |............| #.............| #|...<........| #|............| m m m #|............| m #-.------------ m m m@ ###f m ## m m ####I@g#### # # # # # p -----# |....# ### |`..| # i +....###### ----- groovejumper the Thaumaturge Experience level: 9 Strength: 12 Dexterity: 17 Constitution: 16 Intelligence: 19 Wisdom: 12 Charisma: 9 Health: 0(63) Energy: 72(112) AC: 6 Gold: 101 Moves: 9203 Your Inventory: Coins $ - 101 gold pieces Weapons a - a blessed +1 quarterstaff (weapon in hands) Y - 6 [uncursed +0] darts (in quiver) Armor e - an [uncursed] +0 pair of old gloves [leather] (being worn) L - an [uncursed] +0 pair of elven boots (being worn) Q - an uncursed +0 cloak of magic resistance (being worn) Comestibles T - an [uncursed] food ration Scrolls U - an [uncursed] scroll of light Tools b - an [uncursed] sack u - an [uncursed +0] unicorn horn A - an [uncursed] lock pick B - an [uncursed] towel (being worn) Contents of the sack: 1325 gold pieces an [uncursed +0] dagger a [blessed +1] dagger [of reflection] 10 [blessed +0] darts 2 [cursed +0] darts an [uncursed +0] knife 6 [uncursed] food rations an [uncursed] lizard corpse an [uncursed] pancake 4 [uncursed] tripe rations 2 [uncursed] scrolls called earth [of earth] an [uncursed] scroll labeled EIRIS SAZUN IDISI [of remove curse] an [uncursed] scroll labeled FNORD [of genocide] 2 [uncursed] scrolls labeled NR 9 [of enchant armor] 2 [uncursed] scrolls of teleportation 4 [uncursed] unlabeled scrolls [of blank paper] 2 uncursed clear potions [of water] an [uncursed] dark green potion [of sickness] an [uncursed] emerald potion [of gain ability] an [uncursed] indigo potion [of enlightenment] an [uncursed] pink potion [of hallucination] an [uncursed] squishy potion [of confusion] an [uncursed] agate ring [of shock resistance] an [uncursed] ceramic ring [of slow digestion] an [uncursed] jet ring [of warning] an [uncursed] mithril ring [of polymorph control] an [uncursed] mithril ring [of polymorph control] an uncursed ring of invisibility an uncursed ring of levitation an uncursed ring of see invisible an [uncursed -1] shiny ring [of gain wisdom] a [cursed] tiger eye ring [of hunger] an [uncursed] iridium wand [of polymorph (0:5)] an [uncursed] pine wand [of magic missile (0:8)] an [uncursed] short wand [of digging (0:6)] an [uncursed] short wand [of digging (0:4)] an [uncursed] silver wand [of slow monster (0:5)] an uncursed wand of create monster (0:15) an [uncursed] wand of create monster [0:11] an uncursed wand of light (0:12) an [uncursed] wand of light [0:15] a cursed wand of lightning (0:8) an [uncursed] wand of lightning [0:6] an uncursed wand of striking (0:8) an [uncursed] wand of striking [0:8] an uncursed wand of undead turning (0:7) an [uncursed] zinc wand [of nothing (0:6)] an [uncursed] key [skeleton key] a [cursed magic] lamp an uncursed magic marker (0:59) Spells known in the end: Name Level Category Fail Memory a - force bolt 1 attack 0% [|||||...] b - sleep 1 enchantment 0% [|||||...] c - dig 5 matter 100% [|||||...] d - create familiar 6 clerical 100% [||||||||] Your skills at the end: Fighting Skills Weapon Skills quarterstaff [Skilled / Expert] Spellcasting Skills attack spells [Expert / Expert] enchantment spells [Basic / Skilled] Final Attributes: You were piously aligned. Hunger level was 760. Your alignment was 55 / 56. Monster difficulty range was 1 - 8. Level difficulty was 8. You resisted cold. You were immune to sleep. You resisted poison. You were magic-protected. You saw invisible. You were telepathic. You had infravision. You were stealthy. You were unlucky (-1). You are dead. Vanquished creatures: a giant mimic 2 large mimics an ettin zombie 2 giant beetles a wolf 2 leprechauns a giant spider a black light a rust monster an owlbear a lizard a dog a housecat a jaguar a blue jelly a black unicorn 2 dust vortices 2 ravens a snake a human zombie a rope golem a water nymph 4 rock piercers 2 rock moles a pony 3 fog clouds 2 yellow lights 3 shriekers 4 gnome lords a golden naga hatchling 2 gray oozes 3 elf zombies 2 straw golems a paper golem 4 giant ants 2 little dogs 3 floating eyes 2 kittens 3 dwarves 4 kobold lords 2 hill orcs 2 rabid rats 2 monkeys 3 orc zombies a dwarf zombie a wererat 7 iguanas 2 acid blobs 5 coyotes 3 gas spores a hobbit 2 hobgoblins 2 giant rats 5 cave spiders 2 brown molds 3 yellow molds a green mold 4 red molds 13 Keystone Kops 2 garter snakes 2 gnome zombies 4 geckos 5 jackals a kobold 2 goblins 2 sewer rats 9 grid bugs 4 lichens 2 kobold zombies 8 newts 175 creatures vanquished. Voluntary challenges: You were an atheist. You used a wielded weapon 111 times. You read items or engraved 23 times. You put on armor 3 times. You never genocided any monsters. You never polymorphed an object. You never changed form. You used no wishes. You wrote Elbereth's name 8 times. You never encountered a bones level. You used 3 Sokoban shortcuts. Dungeon overview: The Dungeons of Doom: levels 1 to 8 Level 1 a long staircase Level 2 a weapon shop, a fountain portal to Advent Calendar Level 3 a fountain stairs to The Gnomish Mines Level 4 some fountains Level 6 many fountains Level 7 a general store stairs to Sokoban Level 8 <- You were here The Gnomish Mines: Level 4 stairs to The Dungeons of Doom Sokoban: levels 4 to 6 Level 6 a magic chest stairs to The Dungeons of Doom Advent Calendar: Level 4 many trees portal to The Dungeons of Doom History has recorded: On T:1 you entered the Dungeons of Doom to retrieve the Amulet of Yendor! On T:396 you advanced to experience level 2. On T:523 you reached level 2 of The Dungeons of Doom. On T:596 you reached level 1 of Advent Calendar. On T:736 you advanced to experience level 3. On T:995 you advanced to experience level 4. On T:1220 you reached level 3 of The Dungeons of Doom. On T:1276 you reached level 1 of The Gnomish Mines. On T:1615 you advanced to experience level 5. On T:1681 you reached level 4 of The Dungeons of Doom. On T:2085 you advanced to experience level 6. On T:2124 you reached level 5 of The Dungeons of Doom. On T:2686 you reached level 6 of The Dungeons of Doom. On T:2702 you advanced to experience level 7. On T:2852 you reached level 7 of The Dungeons of Doom. On T:3704 you reached level 3 of Sokoban. On T:4946 you advanced to experience level 8. On T:5831 you reached level 2 of Sokoban. On T:6355 you reached level 1 of Sokoban. On T:7551 you advanced to experience level 9. On T:8890 you reached level 8 of The Dungeons of Doom. Latest messages: [HP+1=57] The gargoyle hits! (2x) The gargoyle bites! [HP-19=38] [HP+1=39] You wear a towel around your head. You can't see any more. The spell misses the gargoyle. The gargoyle hits! (2x) The gargoyle bites! [HP-23=16] It hits! [HP-2=14] As you pronounce the formula on it, the scroll disappears. You shudder for a moment. The gargoyle hits! (2x) The gargoyle bites! You die... Final status: Goodbye groovejumper the Wizard... You died in The Dungeons of Doom on dungeon level 8 with 12414 points, and 1426 pieces of gold, after 9203 moves. You were level 9 with a maximum of 63 hit points when you died.